 Dungeon Crawl Stone Soup version 0.27-a0-1228-gfd60fd639a (webtiles) character file.

Game seed: 2112467391920760921

2340 FacelessVoid the Cleaver (level 9, -2/78 (85) HPs)
             Began as a Deep Dwarf Fighter on June 7, 2021.
             Was a Believer of Makhleb.
             Slain by Harold
             ... wielding a +0 battleaxe
              (21 damage)
             ... on level 8 of the Dungeon on June 8, 2021.
             The game lasted 00:40:54 (7579 turns).

FacelessVoid the Cleaver (Deep Dwarf Fighter)       Turns: 7579, Time: 00:40:54

HP:   -2/78 (85)    AC: 10    Str: 23    XL:     9   Next: 19%
MP:   4/4           EV:  7    Int:  9    God:    Makhleb [**....]
Gold: 264           SH:  9    Dex: 12    Spells: 8/8 levels left

rFire    . . .     SeeInvis .   t - +0 spear (vamp)
rCold    . . .     Faith    .   c - +0 kite shield
rNeg     . . .     Spirit   .   b - +0 scale mail
rPois    .         Reflect  .   q - +1 helmet
rElec    .         Harm     .   z - +0 cloak
rCorr    .         Rampage  .   (no gloves)
Will     +....                  (no boots)
Stlth    ..........             (no amulet)
HPRegen  0.00/turn              (no ring)
MPRegen  0.09/turn              (no ring)

@: marked, drained
A: damage resistance, heal wounds, sense surroundings 2, no regeneration
a: Heal Wounds, Renounce Religion, Minor Destruction


You were on level 8 of the Dungeon.
You worshipped Makhleb.
Makhleb was pleased with you.
You visited 2 branches of the dungeon, and saw 10 of its levels.

You collected 510 gold pieces.
You spent 246 gold pieces at shops.

Inventory:

Hand Weapons
 a - a +0 war axe
 t - a +0 vampiric spear (weapon)
 x - a +0 battleaxe of electrocution
Armour
 b - a +0 scale mail (worn)
 c - a +0 kite shield (worn)
 q - a +1 helmet (worn)
 z - a +0 cloak (worn)
Wands
 p - a wand of iceblast (20)
 v - a wand of charming (5)
 C - a wand of acid (4)
Scrolls
 f - 5 scrolls of teleportation {unknown}
 i - 4 scrolls of identify
 m - 2 scrolls of blinking
 u - a scroll of enchant weapon
Potions
 d - 2 potions of might
 e - a potion of resistance
 g - a potion of brilliance {unknown}
 h - 2 potions of attraction
 l - a potion of lignification
 n - 2 potions of flight
 o - a potion of degeneration
 s - 3 potions of curing
 w - 2 potions of cancellation {unknown}


   Skills:
 + Level 6.7 Fighting
 + Level 11.2 Axes
 - Level 3.2 Armour
 - Level 3.2 Shields
 - Level 1.0 Evocations


You had 8 spell levels left.
You didn't know any spells.
Your spell library contained the following spells:

 Spells                   Type           Power      Damage    Failure   Level
 Summon Small Mammal      Summ           0%         N/A       99%         1
 Call Imp                 Summ           0%         N/A       100%        2
 Ensorcelled Hibernation  Hex/Ice        0%         N/A       100%        2
 Call Canine Familiar     Summ           0%         N/A       100%        3
 Ozocubu's Armour         Ice            0%         N/A       100%        3
 Portal Projectile        Hex/Tloc       0%         N/A       100%        3
 Summon Guardian Golem    Hex/Summ       0%         N/A       100%        3
 Teleport Other           Tloc           0%         N/A       100%        3
 Cause Fear               Hex            0%         N/A       100%        4
 Iskenderun's Mystic Bla  Conj/Tloc      0%         2d3       100%        4
 Summon Ice Beast         Ice/Summ       0%         N/A       100%        4
 Summon Lightning Spire   Summ/Air       0%         N/A       100%        4
 Silence                  Hex/Air        0%         N/A       100%        5
 Yara's Violent Unravell  Hex/Tmut       0%         3d3       100%        5
 Discord                  Hex            0%         N/A       100%        8


Dungeon Overview and Level Annotations

Branches:
Dungeon (9/15)             Temple (1/1) D:4
   Lair: D:8-11         Orc: D:9-12

Altars:
Ashenzari
Dithmenos
Fedhas
Gozag
Hepliaklqana
Kikubaaqudgha
Makhleb
Nemelex Xobeh
Okawaru
Qazlal
Ru
Sif Muna
Trog
Uskayaw
Vehumet
Wu Jian
Xom
Yredelemnul
Zin
The Shining One

Shops:
D:5 ?

Annotations:
D:5 1 runed translucent door, Crazy Yiuf, Pikel, Sigmund
D:7 Maggie
D:8 Harold


Innate Abilities, Weirdness & Mutations

You are resistant to damage.
You can heal yourself by infusing magical energy.
You passively map the area around you.
You do not regenerate.


Message History

You see here a throwing net.
You feel much better.
Okay, then.
As you read the scroll labelled LASIOZ PYHE, it crumbles to dust.
You feel aware of your surroundings.
It was a scroll of magic mapping.
Harold points at you and mumbles some strange words.
You barely resist.
As you read the scroll labelled ALUSUT CUGIPRU, it crumbles to dust.
The creatures around you are filled with an inner flame!
It was a scroll of immolation.
Harold points at you and mumbles some strange words.
A sentinel's mark forms upon you.
As you read the scroll labelled ZEHILOKUPP, it crumbles to dust.
It is a scroll of amnesia.
You feel forgetful for a moment. Harold hits you with a +0 battleaxe!
* * * LOW HITPOINT WARNING * * *
Unknown command.
Harold throws a throwing net.
The throwing net hits you.
You become entangled in the net!
There is a stone staircase leading down here.
You see here a throwing net.
You struggle against the net.
You struggle against the net.
Harold hits you with a +0 battleaxe.
* * * LOW HITPOINT WARNING * * *
You feel much better. Harold hits you with a +0 battleaxe!
You rip the net and break free!
Harold hits you with a +0 battleaxe!!
* * * LOW HITPOINT WARNING * * *
Harold throws a throwing net.
You block the throwing net.
You see here a throwing net.
Harold fires a harpoon shot at you. The harpoon shot hits you!
* * * LOW HITPOINT WARNING * * *
You are yanked forward by the harpoon shot.
There is a stone staircase leading down, spattered with blood here.
You see here a throwing net.
Your magical essence is drained by the effort!
You feel much better. Harold hits you with a +0 battleaxe!!
* * * LOW HITPOINT WARNING * * *
You feel better. Harold hits you with a +0 battleaxe!!
You die...

##### #...### #......
############## #...###
#.........@@5# ##.####
#@##########§# ##.###.
#.*
#######§########...##.
#.*
#....§§§§§............
##.##
#.#####§######.#.)^#..
###...###.# #.#
#.##.##.. #.........#
#.# #.##.##..
***#.#...##### #.#
#........ ,,,,,##.##
#.######..###...


You could see Harold (inner flame) and an iron imp (inner flame).

Vanquished Creatures
  Grinder (D:6)
  A wyvern (D:8)
  Menkaure (D:5)
  A water moccasin (D:8)
  An orc warrior (D:5)
  2 sky beasts
  An ice beast (D:4)
  An ogre (D:6)
  2 necrophages
  A centaur (D:5)
  2 lemures (D:5)
  2 kobold brigands
  2 scorpions
  A killer bee (D:9)
  2 howler monkeys
  2 bullfrog zombies
  2 centaur zombies
  A jelly (D:5)
  3 hounds
  An orc priest (D:3)
  4 iguanas
  Ijyb (D:5)
  4 orc wizards
  A hound skeleton (D:5)
  Robin (D:3)
  5 adders
  2 shadow imps
  A white imp (D:7)
  2 ufetubi
  A worm (D:2)
  A dart slug (D:2)
  22 orcs
  4 bats
  9 endoplasms
  2 giant cockroaches
  11 goblins
  6 hobgoblins
  8 quokkas
  3 ball pythons
  6 frilled lizards
  16 kobolds
  2 rats (D:3)
142 creatures vanquished.

Vanquished Creatures (others)
  An orc (D:3)
  9 plants
10 creatures vanquished.

Grand Total: 152 creatures vanquished

Notes
Turn   | Place    | Note
-------+----------+-------------------------------------------
     0 | D:1      | FacelessVoid the Deep Dwarf Fighter began the quest for the
                  | Orb.
     0 | D:1      | Reached XP level 1. HP: 20/20 MP: 1/1
   154 | D:1      | Reached XP level 2. HP: 28/28 MP: 2/2
   395 | D:1      | Found a faded altar of an unknown god.
  1297 | D:2      | Reached skill level 3 in Axes
  1427 | D:2      | Reached XP level 3. HP: 13/34 MP: 3/3
  1852 | D:3      | Reached XP level 4. HP: 23/42 MP: 4/4
  1936 | D:3      | Reached skill level 4 in Axes
  1982 | D:3      | Noticed Robin
  2473 | D:3      | Killed Robin
  2623 | D:3      | Reached skill level 5 in Axes
  2623 | D:3      | Reached XP level 5. HP: 32/50 MP: 4/4
  2948 | D:4      | Found a staircase to the Ecumenical Temple.
  2962 | Temple   | Entered the Ecumenical Temple
  3037 | Temple   | Became a worshipper of Makhleb the Destroyer
  3725 | D:4      | Noticed a necrophage
  3793 | D:3      | Found a sacrificial altar of Ru.
  3817 | D:4      | Killed a necrophage
  3818 | D:4      | Reached skill level 6 in Axes
  3818 | D:4      | Reached XP level 6. HP: 43/57 MP: 5/5
  3991 | D:5      | Entered Level 5 of the Dungeon
  4033 | D:5      | Noticed Menkaure
  4046 | D:5      | Killed Menkaure
  4047 | D:5      | Reached skill level 7 in Axes
  4047 | D:5      | Reached XP level 7. HP: 27/66 MP: 6/6
  4088 | D:5      | Found Coiroah's Magic Scroll Boutique.
  4092 | D:5      | Bought a scroll of blinking for 82 gold pieces
  4092 | D:5      | Bought a scroll of blinking for 82 gold pieces
  4436 | D:5      | Noticed Sigmund
  4704 | D:5      | Noticed Pikel
  4769 | D:5      | Bought a scroll of enchant weapon for 82 gold pieces
  4831 | D:5      | Reached skill level 8 in Axes
  4853 | D:5      | Found a runed translucent door.
  4854 | D:5      | Noticed Crazy Yiuf
  4908 | D:5      | Identified Sif Muna's Papyrus of the Compass and Snow
  5080 | D:6      | Noticed Grinder
  5190 | D:5      | Found a hide-covered altar of Uskayaw.
  5233 | D:5      | Reached skill level 5 in Fighting
  5258 | D:6      | Reached XP level 8. HP: 26/74 MP: 6/6
  5298 | D:6      | Reached * piety under Makhleb
  5299 | D:6      | Reached skill level 9 in Axes
  5299 | D:6      | Reached skill level 1 in Evocations
  5722 | D:5      | Noticed Ijyb
  5732 | D:5      | Killed Ijyb
  5888 | D:6      | Killed Grinder
  5889 | D:6      | Reached skill level 10 in Axes
  6773 | D:7      | Noticed Maggie
  6949 | D:8      | Gained mutation: You passively map the area around you.
                  | [Deep Dwarf growth]
  6949 | D:8      | Reached XP level 9. HP: 40/85 MP: 6/6
  6996 | D:8      | Reached skill level 11 in Axes
  7472 | D:8      | Noticed Harold
  7539 | D:9      | Reached ** piety under Makhleb
  7547 | D:9      | Noticed a two-headed ogre
  7579 | D:8      | Slain by Harold

Illustrated notes

Levels and vault maps discovered:
D:1:      psy_arrival_radial01, layout_loops_corners,
          shapermc_ecumenical_altar_mp_ritualfount, minmay_misc_feat_tiny,
          chequers_big_river
D:2:      layout_rooms
D:3:      layout_rooms, nicolae_overflow_hidden_temple,
          minmay_fractal_squares_5, uniq_robin
D:4:      layout_loops_ring, minmay_temple_entry_stoned_glass, roderic_lattice_a
D:5:      layout_basic, eat_drink_and_be_merry_uskayaw, serial_shops, shop,
          gup_sewer_entry_bowl, minivault_5, minmay_lizard_king,
          uniq_crazy_yiuf_cottage, uniq_ijyb, uniq_pikel, uniq_menkaure,
          uniq_sigmund
D:6:      layout_loops_ring, uniq_grinder
D:7:      layout_loops_corners, uniq_maggie
D:8:      layout_loops_ring, slow_altar_1, amcnicky_mini_rare_corridor_liquid,
          uniq_harold
D:9:      layout_rooms, enter_bailey_3, eino_curves_03,
          chequers_serial_rivers_small_b, uniq_grum
Temple:   dpeg_five_rooms_temple

Skill      XL: |  1  2  3  4  5  6  7  8  9 |
---------------+----------------------------+-----
Fighting       | 3 4 5 6 |  6.7
Axes           | 3 5 6 7 8 10 11 | 11.2
Evocations     | 1 |  1.0
Armour         | |  3.2
Shields        | |  3.2

Action                   |  1- 3 |  4- 6 |  7- 9 || total
-------------------------+-------+-------+-------++-------
Melee: War axe           |   100 |   175 |   186 ||   461
       Spear             |       |       |   270 ||   270
 Abil: Heal Wounds       |     1 |     4 |     8 ||    13
Evoke: Wand              |       |       |     8 ||     8
  Use: Scroll            |       |     7 |     7 ||    14
       Potion            |       |       |     4 ||     4
Armor: Scale mail        |    45 |    64 |   194 ||   303
Dodge: Dodged            |    26 |    51 |   111 ||   188
Block: Kite shield       |    62 |    76 |   211 ||   349

Table legend: (Time is in decaauts)
 A = Elapsed time spent in this place.
 B = Non-inter-level travel time spent in this place.
 C = Inter-level travel time spent in this place.
 D = Time resting spent in this place.
 E = Time spent auto-exploring this place.
 F = Levels seen in this place.
 G = Mean time per level.
                   A        B        C        D        E       F      G
               +--------+--------+--------+--------+--------+-----+--------+
         Total |   7816 |   7192 |    624 |    388 |   3469 |  10 |  781.6 |
       Dungeon |   7524 |   6931 |    593 |    388 |   3214 |   9 |  836.0 |
        Temple |    291 |    260 |     31 |      0 |    255 |   1 |  291.0 |
               +--------+--------+--------+--------+--------+-----+--------+

Top non-repeatable levels by time:
     D:1: 1327 daAuts
     D:5: 1202 daAuts
     D:4: 1095 daAuts
     D:7: 982 daAuts
     D:3: 811 daAuts
     D:2: 809 daAuts
     D:6: 653 daAuts
     D:8: 575 daAuts
  Temple: 291 daAuts
     D:9: 69 daAuts
